 Dungeon Crawl Stone Soup version 0.28.0 (webtiles) character file.

Game seed: 2160325659391755370

116 styxcanada the Stinger (level 4, 0/24 HPs)
             Began as a Deep Elf Venom Mage on Feb 8, 2022.
             Killed from afar by a gnoll (24 damage)
             ... with a bolt of acid
             ... on level 3 of the Dungeon.
             The game lasted 00:13:02 (3054 turns).

styxcanada the Stinger (Deep Elf Venom Mage)        Turns: 3054, Time: 00:13:04

Health: 0/24       AC:  3    Str:  5    XL:     4   Next: 69%
Magic:  7/11       EV: 12    Int: 22    God:
Gold:   105        SH:  0    Dex: 15    Spells: 4/10 levels left

rFire   . . .      SeeInvis .   d - +0 short sword
rCold   . . .      Faith    .   (no shield)
rNeg    . . .      Spirit   .   i - +0 leather armour
rPois   .          Reflect  .   (no helmet)
rElec   .          Harm     .   (no cloak)
rCorr   .          Rampage  .   (no gloves)
Will    +....                   (no boots)
Stlth   ++........              (no amulet)
HPRegen 0.08/turn               c - ring of willpower
MPRegen 0.12/turn               (no ring)

@: no status effects
A: no striking features
a: no special abilities


You were on level 3 of the Dungeon.
You visited 1 branch of the dungeon, and saw 3 of its levels.

You collected 105 gold pieces.

Inventory:

Hand Weapons
 d - a +0 short sword (weapon)
 f - a +0 hunting sling
Missiles
 e - a throwing net
 h - 56 stones
Armour
 i - a +0 leather armour (worn)
Jewellery
 c - a ring of willpower (left hand)
Scrolls
 j - 2 scrolls of teleportation {unknown}
Potions
 a - a potion of flight {unknown}
 b - a potion of cancellation
 g - 2 potions of might {unknown}
 k - a potion of lignification {unknown}


   Skills:
 + Level 3.0 Dodging
 * Level 3.4 Stealth
 * Level 3.7 Spellcasting
 * Level 1.1 Conjurations
 * Level 2.7 Transmutations
 * Level 0.9 Air Magic
 * Level 3.8 Poison Magic


You had 4 spell levels left.
You knew the following spells:

 Your Spells              Type           Power      Damage    Failure   Level
a - Sting                 Tmut/Pois      72%        1d6       4%          1
b - Poisonous Vapours     Pois/Air       28%        N/A       11%         2
c - Mephitic Cloud        Conj/Pois/Air  12%        N/A       26%         3

Your spell library contained the following spells:

 Spells                   Type           Power      Damage    Failure   Level
 Corpse Rot               Necr/Air       12%        N/A       24%         2
 Olgreb's Toxic Radiance  Pois           21%        N/A       36%         4


Dungeon Overview and Level Annotations

Branches:
Dungeon (3/15)

Altars:


Message History

A gnoll comes into view.
It is wielding a +0 spear and carrying a wand of acid (10).
Casting: Sting (safe; 4% risk of failure)
Confirm with . or Enter, or press ? or * to list all spells.
Aiming: Sting (safe; 4% risk of failure)
Press: ? - help, Shift-Dir - straight line, f/p - gnoll
Aim: a gnoll, wielding a +0 spear (moderately wounded, poisoned, 77% to hit)
The sting hits the gnoll.
The gnoll looks even sicker.
The gnoll is heavily wounded.
Unknown command.
The gnoll hits you but does no damage. The gnoll barely misses you.
The gnoll looks more healthy.
The gnoll closely misses you.
There is an open door here.
The gnoll shouts!
Casting: Sting (safe; 4% risk of failure)
Confirm with . or Enter, or press ? or * to list all spells.
Aiming: Sting (safe; 4% risk of failure)
Press: ? - help, Shift-Dir - straight line, f/p - gnoll
Aim: a gnoll, wielding a +0 spear (severely wounded, 77% to hit)
The sting hits the gnoll.
The gnoll is poisoned.
You kill the gnoll!
Your Dodging skill increases to level 3!
The gnoll zaps a wand.
The bolt of acid misses you.
The gnoll throws a throwing net.
The throwing net barely misses you.
You see here a throwing net.
Casting: Sting (safe; 4% risk of failure)
Confirm with . or Enter, or press ? or * to list all spells.
Aiming: Poisonous Vapours (safe; 11% risk of failure)
Press: ? - help, Dir - move target, f - gnoll
Aim: a gnoll, wielding a +0 spear and carrying a wand of acid (9) Poisonous vapours surround the gnoll!
The gnoll is poisoned.
Casting: Poisonous Vapours (safe; 11% risk of failure)
Confirm with . or Enter, or press ? or * to list all spells.
Aiming: Poisonous Vapours (safe; 11% risk of failure)
Press: ? - help, Dir - move target, f/p - gnoll
Aim: a gnoll, wielding a +0 spear and carrying a wand of acid (9) (poisoned) Poisonous vapours surround the gnoll!
The gnoll looks even sicker.
The gnoll zaps a wand.
The bolt of acid hits you!!
Ouch! That really hurt!
You die...

#.##.......##..<..# #.#
#'##.......######## ##.#
8.8##......# #..#
....##.....###### #.##
....8##.........# #.#
.....^##.....##.#### #.#
......8##........<.# #.#
.......)...##.#..#.###.#
......8#....g..(@......#
......#######.####.#####
....8## #......# ....##
######## 8.8## #+##


You could see a gnoll (very poisoned).

Vanquished Creatures
  5 gnolls
  An adder (D:2)
  A worm (D:2)
  A dart slug (D:3)
  5 endoplasms
  4 giant cockroaches (D:1)
  4 goblins
  6 hobgoblins
  2 quokkas
  2 ball pythons (D:1)
  7 bats
  2 frilled lizards
  5 kobolds
  3 rats
48 creatures vanquished.

Vanquished Creatures (others)
  A fungus (D:1)
1 creature vanquished.

Grand Total: 49 creatures vanquished

Notes
Turn   | Place    | Note
-------+----------+-------------------------------------------
     0 | D:1      | styxcanada the Deep Elf Venom Mage began the quest for the
                  | Orb.
     0 | D:1      | Reached XP level 1. HP: 10/10 MP: 6/6
   336 | D:1      | Reached XP level 2. HP: 13/15 MP: 2/8
   361 | D:1      | Learned a level 2 spell: Poisonous Vapours
   809 | D:1      | Found a faded altar of an unknown god.
  1141 | D:2      | Reached XP level 3. HP: 18/19 MP: 2/9
  1519 | D:2      | Learned a level 3 spell: Mephitic Cloud
  1595 | D:2      | Reached XP level 4. HP: 24/24 MP: 0/11
  2550 | D:3      | Reached skill level 1 in Conjurations
  3054 | D:3      | Killed from afar by a gnoll

Illustrated notes

Levels and vault maps discovered:
D:1:      minmay_arrival_split_and_join, layout_basic,
          shapermc_ecumenical_altar_mp_urbaneastern, serial_curves,
          eino_curves_02, eino_curves_01
D:2:      layout_loops_cross, corexii_corridor_pit
D:3:      layout_loops_cross, chequers_serial_rivers_small_a, minivault_4,
          dk_noncrumbling_4

Skill      XL: |  1  2  3  4 |
---------------+-------------+-----
Transmutations | 2 |  2.7
Stealth        | 3 |  3.4
Conjurations   | 1 |  1.1
Dodging        | 3 |  3.0
Spellcasting   | |  3.7
Air Magic      | |  0.9
Poison Magic   | |  3.8

Action                   |  1- 3 |  4- 6 || total
-------------------------+-------+-------++-------
Melee: Short sword       |     7 |    21 ||    28
 Fire: Hunting sling     |       |     5 ||     5
 Cast: Sting             |    46 |    17 ||    63
       Poisonous Vapours |    14 |    14 ||    28
  Use: Scroll            |     3 |       ||     3
 Stab: Sleeping          |       |     1 ||     1
Armor: Robe              |     4 |     7 ||    11
       Leather armour    |       |     1 ||     1
Dodge: Dodged            |    14 |    21 ||    35
